 Dungeon Crawl Stone Soup version 0.24-a0-779-g36f0aeb843 (webtiles) character file.

Game seed: 16415892628875680325, levelgen mode: deterministic

173 MalarOregon the Stinger (level 5, -5/40 HPs)
             Began as a Draconian Venom Mage on Oct 8, 2019.
             Was an Initiate of Gozag.
             Killed by divine providence
             ... invoked by an orc priest
              (15 damage)
             ... on level 3 of the Dungeon.
             The game lasted 00:04:14 (1537 turns).

MalarOregon the Stinger (Draconian Venom Mage)      Turns: 1537, Time: 00:04:15

Health: -5/40      AC:  5    Str: 13    XL:     5   Next: 28%
Magic:  1/9        EV: 12    Int: 16    God:    Gozag
Gold:   258        SH:  0    Dex: 11    Spells: 6/9 levels left

rFire    . . .     SeeInvis .   c - +2 short sword (flame)
rCold    . . .     Gourm    .   (no shield)
rNeg     . . .     Faith    .   (armour unavailable)
rPois    .         Spirit   .   (helmet restricted)
rElec    .         Reflect  .   (no cloak)
rCorr    .         Harm     .   (no gloves)
MR       .....                  (no boots)
Stlth    ++........             (no amulet)
HPRegen  0.13/turn              d - +2 ring of strength
MPRegen  0.11/turn              (no ring)

@: very slightly contaminated
A: unfitting armour, cold-blooded, AC +5
a: Potion Petition, Call Merchant, Bribe Branch, Renounce Religion


You were on level 3 of the Dungeon.
You worshipped Gozag.
Gozag was aware of your devotion.
You were not hungry.

You visited 1 branch of the dungeon, and saw 3 of its levels.

You collected 297 gold pieces.
You paid 39 gold pieces to Gozag.

Inventory:

Hand Weapons
 c - a +2 short sword of flaming (weapon)
   (You took it off a kobold on level 1 of the Dungeon)
Armour
 m - a +0 pair of boots
   (You found it on level 2 of the Dungeon)
Jewellery
 d - a +2 ring of strength (left hand)
   (You found it on level 1 of the Dungeon)
Scrolls
 a - a scroll of enchant armour {unknown}
 f - a scroll of identify {unknown}
 g - a scroll of remove curse {unknown}
 h - a scroll of amnesia {unknown}
 k - a scroll of immolation {unknown}
 l - 2 scrolls of fog {unknown}
 o - a scroll of teleportation {unknown}
Potions
 b - a potion of brilliance {unknown}
 i - 2 potions of flight {unknown}
 j - a potion of mutation {unknown}
 n - a potion of ambrosia {unknown}
Comestibles
 e - a ration {!d}


   Skills:
 + Level 1.5 Fighting
 + Level 1.5 Short Blades
 + Level 2.4 Dodging
 - Level 1.7 Stealth
 + Level 2.7 Spellcasting
 + Level 2.2 Conjurations
 + Level 1.2 Air Magic
 + Level 3.7 Poison Magic


You had 6 spell levels left.
You knew the following spells:

 Your Spells              Type           Power        Failure   Level  Hunger
a - Sting                 Conj/Pois      ##..         5%          1    #......
x - Poisonous Vapours     Pois/Air       ##....       11%         2    ##.....

Your spell library contained the following spells:

 Spells                   Type           Power        Failure   Level  Hunger
 Animate Skeleton         Necr           N/A          19%         1    #......
 Apportation              Tloc           #.....       19%         1    #......
 Confusing Touch          Hex            #.....       19%         1    #......
 Summon Small Mammal      Summ           #...         19%         1    #......
 Mephitic Cloud           Conj/Pois/Air  #.......     22%         3    ###....
 Olgreb's Toxic Radiance  Pois           ##......     38%         4    #####..
 Venom Bolt               Conj/Pois      ##........   83%         5    ######.


Dungeon Overview and Level Annotations

Branches:
Dungeon (3/15)

Altars:
Ashenzari
Cheibriados
Dithmenos
Elyvilon
Gozag
Qazlal
Zin


Innate Abilities, Weirdness & Mutations

Your plain brown scales are hard. (AC +5)
You cannot fit into any form of body armour.
You are cold-blooded and may be slowed by cold attacks.


Message History

You hit the orc. You burn the orc.
You kill the orc!
Aim: an orc priest, wielding a +0 club and wearing a +0 chain mail Poisonous vapours surround the orc priest!
The orc priest is no longer distracted by gold.
The orc is no longer distracted by gold.
The orc priest is engulfed in poison gas.
The orc priest is poisoned.
Things that are here:
8 gold pieces; a +0 morningstar A worm comes into view.
The orc priest closely misses you. The orc hits you but does no damage.
You hit the orc priest but do no damage.
The orc priest mumbles some strange prayers to Beogh against you.
Beogh smites you! The orc hits you with a +0 trident.
You hit the orc priest but do no damage.
The orc priest looks encouraged for a moment.
You barely miss the orc priest.
The orc priest looks more healthy.
The orc priest barely misses you. The orc hits you but does no damage.
The orc closely misses you.
You hit the orc priest but do no damage.
The orc priest misses you. The orc misses you.
The orc hits you with a +0 dagger.
You hit the orc priest. You burn the orc priest.
The orc priest hits you but does no damage.
The orc hits you but does no damage. x2
Aim: an orc priest, wielding a +0 club and wearing a +0 chain mail (almost dead) Poisonous vapours surround the orc priest!
The orc priest is poisoned.
The orc priest closely misses you. The orc hits you with a +0 dagger.
The orc hits you with a +0 trident.
* * * LOW HITPOINT WARNING * * *
Aim: an orc, wielding a +0 dagger You miscast Poisonous Vapours.
You are very lightly contaminated with residual magic.
Sparks of electricity dance between your hands.
The orc priest mumbles some strange prayers to Beogh against you.
You barely resist. The orc closely misses you.
Aim: an orc, wielding a +0 trident Poisonous vapours surround the orc!
The orc is engulfed in poison gas.
The orc is poisoned.
The orc barely misses you.
The orc priest invokes the aid of Beogh against you.
Pain shoots through your body!
* * * LOW HITPOINT WARNING * * *
The orc misses you.
You barely miss the orc priest. The orc hits you with a +0 trident.
* * * LOW HITPOINT WARNING * * *
The orc priest mumbles some strange prayers to Beogh against you.
Beogh smites you!
You die...
Your body crumbles into a pile of gold.

#. ###.###
....... $
..... ### ....
..# #..## #.#
#woo## ..#
#.o@.# #.#
###$.# ####
##.# .# ...#
##### #$# ..
##.# #...# #.#
.# ##.##
#.#.### #?##.#
....# #.#...#
#.%#.#
8.######...#.#
#..#.#
.....))......#
#....#


You could see a worm, an orc priest and 2 orcs.

Vanquished Creatures
  2 orc priests (D:3)
  Terence (D:3)
  3 adders
  2 worms (D:2)
  A dart slug (D:1)
  2 leopard geckos
  7 orcs (D:3)
  A ball python (D:1)
  A giant cockroach (D:1)
  5 goblins
  5 hobgoblins
  3 jackals (D:2)
  3 bats (D:1)
  5 frilled lizards
  3 kobolds
  6 rats
50 creatures vanquished.

Notes
Turn   | Place    | Note
-------+----------+-------------------------------------------
     0 | D:1      | MalarOregon the Draconian Venom Mage began the quest for
                  | the Orb.
     0 | D:1      | Reached XP level 1. HP: 14/14 MP: 3/3
   113 | D:1      | Reached XP level 2. HP: 3/20 MP: 3/5
   184 | D:1      | Learned a level 2 spell: Poisonous Vapours
   635 | D:1      | You fall into a shaft and drop 1 floor!
   635 | D:2      | Found an opulent altar of Gozag.
   687 | D:2      | Reached XP level 3. HP: 23/27 MP: 6/6
   700 | D:2      | Became a worshipper of Gozag Ym Sagoz the Greedy
   736 | D:2      | Found a shadowy altar of Dithmenos.
   943 | D:2      | Found a stormy altar of Qazlal.
   943 | D:2      | Found a white marble altar of Elyvilon.
   943 | D:2      | Found a snail-covered altar of Cheibriados.
   943 | D:2      | Found a shattered altar of Ashenzari.
  1201 | D:3      | Reached skill level 1 in Fighting
  1201 | D:3      | Reached skill level 1 in Short Blades
  1201 | D:3      | Reached XP level 4. HP: 35/35 MP: 4/7
  1281 | D:3      | Noticed Terence
  1302 | D:3      | Killed Terence
  1302 | D:3      | Reached skill level 1 in Air Magic
  1386 | D:3      | Found a glowing silver altar of Zin.
  1435 | D:3      | Reached XP level 5. HP: 40/40 MP: 2/8
  1537 | D:3      | Killed from afar by an orc priest

Levels and vault maps discovered:
D:1:      evilmike_arrival_run_for_it, layout_rooms, nrook_mini_backslash,
          wad_floor_pattern_untrapped
D:2:      layout_rooms, grunt_gozag_statues, nicolae_dithmenos_shadow_blocks,
          chequers_temple_overflow_statue_of_worship, grunt_ministairs_7
D:3:      layout_basic, zin_statuary, uniq_terence

Skill      XL: |  1  2  3  4 |
---------------+-------------+-----
Dodging        | 2 |  2.4
Fighting       | 1 |  1.5
Short Blades   | 1 |  1.5
Conjurations   | 2 |  2.2
Air Magic      | 1 |  1.2
Stealth        | |  1.7
Spellcasting   | |  2.7
Poison Magic   | |  3.7

Action                   |  1- 3 |  4- 6 || total
-------------------------+-------+-------++-------
Melee: Unarmed           |    16 |       ||    16
       Short sword       |    57 |    32 ||    89
       Tailslap          |     8 |     1 ||     9
 Cast: Sting             |    13 |       ||    13
       Poisonous Vapours |    10 |     8 ||    18
 Stab: Sleeping          |     1 |       ||     1
  Eat: Chunk             |     1 |       ||     1
       Ration            |       |     1 ||     1
Armor: Skin              |    37 |    10 ||    47
Dodge: Dodged            |    69 |    35 ||   104

Table legend:
 A = Non-vault XP
 B = Vault XP
 C = Vault XP percentage of total XP
 D = Non-vault monster count
 E = Vault monster count
 F = Vault count percentage of total count
                 A         B        C        D         E       F
            +---------+---------+-------+---------+---------+-------
      Total |     210 |      38 |  15.3 |      47 |       3 |   6.0
            +---------+---------+-------+---------+---------+-------
        D:1 |      31 |       0 |   0.0 |      18 |       0 |   0.0
        D:2 |      58 |       2 |   3.3 |      16 |       2 |  11.1
        D:3 |     121 |      36 |  22.9 |      13 |       1 |   7.1
            +---------+---------+-------+---------+---------+-------
